Tampa Bay Lightning vs New York Rangers
Created - Monday, April 21, 2025 at 06:55
Goals
|
| Tampa Bay Lightning |
2 |
0 |
0 |
0 |
0 |
2 |
| New York Rangers |
1 |
1 |
0 |
0 |
1 |
3 |
|
Shots
|
| Tampa Bay Lightning |
17 |
4 |
7 |
0 |
3 |
28 |
| New York Rangers |
10 |
10 |
4 |
1 |
3 |
25 |
|
1st period
1. Tampa Bay Lightning , Travis Konecny 18 (Roope Hintz 24, Brent Burns 15) at 1:30 (PP)
2. Tampa Bay Lightning , Filip Forsberg 15 (Travis Konecny 30, Moritz Seider 12) at 2:22
3. New York Rangers , Nikolaj Ehlers 13 (Cole Caufield 24, Dylan Strome 21) at 8:55
Penalties :
Jake McCabe (NYR) for Interference (Minor) at 1:14
2nd period
4. New York Rangers , Conor Garland 7 (Mikael Granlund 24, Teuvo Teravainen 11) at 1:58
Penalties :
Jake Walman (NYR) for Interference (Minor) at 5:27, Filip Forsberg (TBL) for High sticking (Minor) at 16:07
3rd period
No Goal
Penalties :
Travis Konecny (TBL) for Roughing (Minor) at 7:51, Jason Dickinson (TBL) for Slashing (Minor) at 8:45, Moritz Seider (TBL) for Hooking (Minor) at 14:10
Overtime #1
No Goal
Penalties :
No Penalty
Shootout
Tampa Bay Lightning, Trevor Moore - Shot Misses the Net
New York Rangers, Artemi Panarin - Stopped by Darcy Kuemper
Tampa Bay Lightning, Filip Forsberg - Stopped by Kevin Lankinen
New York Rangers, Dylan Strome - Stopped by Darcy Kuemper
Tampa Bay Lightning, Kirill Kaprizov - Stopped by Kevin Lankinen
New York Rangers, Cole Caufield - Goal!
Penalties :
No Penalty
Goalie Stats
Darcy Kuemper (TBL), 23 saves from 25 shots - (0.920), OTL, 30-9-5, 65:00 minutes
Kevin Lankinen (NYR), 26 saves from 28 shots - (0.929), W, 4-2-1, 65:00 minutes
Players Stats for Tampa Bay Lightning
Player Name G A P +/- PIM S H SB GA TA FO MP PP MP PK MP
------------------------------------------------------------------------------------
Anze Kopitar 0 0 0 0 0 3 0 1 0 0 8/12 20:30 1:13 3:16
Brent Burns 0 1 1 0 0 1 2 0 1 0 0/0 22:53 1:11 0:44
Darnell Nurse 0 0 0 0 0 1 2 1 0 0 0/0 20:17 1:11 3:36
Dylan Cozens 0 0 0 -2 0 1 2 0 1 0 0/1 14:09 0:00 2:58
Filip Forsberg 1 0 1 1 2 3 2 0 0 0 0/0 16:43 0:58 0:00
Gustav Nyquist 0 0 0 0 0 0 0 0 1 0 0/0 14:33 0:00 0:00
Hampus Lindholm 0 0 0 -1 0 0 0 2 0 1 0/0 17:52 0:00 0:00
Jamie Benn 0 0 0 0 0 1 1 0 1 0 3/7 15:01 1:02 0:00
Jason Dickinson 0 0 0 -2 2 2 0 0 0 0 1/4 12:09 0:00 2:15
Jonathan Huberdeau 0 0 0 0 0 1 0 0 0 0 0/0 12:06 0:15 0:00
Jordan Martinook 0 0 0 -2 0 0 0 0 0 0 0/0 9:20 0:00 0:00
Kirill Kaprizov 0 0 0 0 0 7 2 0 1 0 1/1 17:22 1:13 0:29
Michael Matheson 0 0 0 -1 0 1 1 1 0 0 0/0 23:36 1:04 3:23
Moritz Seider 0 1 1 0 2 2 1 0 0 0 0/0 25:05 1:04 2:36
Roope Hintz 0 1 1 1 0 2 0 1 1 0 5/12 17:33 1:02 0:00
Travis Konecny 1 1 2 1 2 2 3 0 0 0 2/2 18:42 1:02 0:45
Trevor Moore 0 0 0 0 0 0 3 0 2 0 0/1 13:52 0:00 2:53
Tyler Myers 0 0 0 0 0 1 2 0 0 1 0/0 20:17 0:00 3:23
Players Stats for New York Rangers
Player Name G A P +/- PIM S H SB GA TA FO MP PP MP PK MP
------------------------------------------------------------------------------------
Adam Larsson 0 0 0 1 0 0 2 1 0 1 0/0 23:18 0:00 1:06
Artemi Panarin 0 0 0 0 0 1 1 0 0 0 0/0 19:29 3:31 0:00
Brendan Smith 0 0 0 0 0 1 0 0 0 0 0/0 15:30 0:00 1:26
Cam Fowler 0 0 0 1 0 0 3 3 0 3 0/0 26:32 2:56 1:20
Cole Caufield 0 1 1 0 0 4 2 0 0 0 1/2 19:19 3:34 0:03
Conor Garland 1 0 1 1 0 3 2 1 0 0 0/0 10:41 0:13 0:00
David Kampf 0 0 0 1 0 2 0 0 0 0 1/3 12:01 0:00 1:03
Dylan Strome 0 1 1 0 0 2 1 0 0 0 5/11 18:38 3:10 0:00
Jake McCabe 0 0 0 0 2 0 3 1 1 0 0/0 19:49 0:00 0:00
Jake Walman 0 0 0 0 2 0 1 2 0 1 0/0 24:10 3:55 0:16
Joe Pavelski 0 0 0 0 0 2 2 1 0 0 0/1 15:59 3:10 0:00
Marcus Foligno 0 0 0 1 0 1 1 0 1 1 0/0 12:52 0:07 1:03
Mathew Barzal 0 0 0 0 0 0 2 0 0 0 0/0 18:47 3:55 0:00
Matthew Benning 0 0 0 0 0 0 1 1 0 0 0/0 14:00 0:00 0:22
Mikael Granlund 0 1 1 0 0 2 0 0 0 2 2/6 16:29 2:56 1:09
Nathan MacKinnon 0 0 0 0 0 5 3 0 0 0 11/17 19:30 3:38 0:00
Nikolaj Ehlers 1 0 1 0 0 2 2 0 0 0 0/0 18:34 3:10 0:03
Teuvo Teravainen 0 1 1 0 0 0 0 0 0 0 0/0 12:05 0:00 1:09
3 Stars
1 - Conor Garland (NYR)
2 - Travis Konecny (TBL)
3 - Nikolaj Ehlers (NYR)
Power Play
Tampa Bay Lightning - 1 on 2 Attempt(s) - 50.00%
New York Rangers - 0 on 4 Attempt(s) - 0.00%
Penalty Kill
Tampa Bay Lightning - 4 on 4 Attempt(s) - 100.00%
- Score 0 goal in Penalty Kill
New York Rangers - 1 on 2 Attempt(s) - 50.00%
- Score 0 goal in Penalty Kill
Team Stat
Tampa Bay Lightning - Hits : 21 - Faceoff Wins : 20 - Blocked Shots : 6 - Penalty Minutes : 8
New York Rangers - Hits : 26 - Faceoff Wins : 20 - Blocked Shots : 10 - Penalty Minutes : 4
Official
Referees : Kevin Pollock and Mitch Dunning
Linesman : Ryan Gibbons and Ben O'Quinn
Game Notes
No Game Note
Finance
Level 1 -- Attendance: 4412 (73.53%) -- Ticket Income $450,024
Level 2 -- Attendance: 3799 (75.98%) -- Ticket Income $239,337
Level 3 -- Attendance: 2146 (71.53%) -- Ticket Income $87,986
Level 4 -- Attendance: 3400 (68.00%) -- Ticket Income $95,200
Luxury Box -- Attendance: 838 (83.80%) -- Ticket Income $163,410
Game was played at the Madison Square Garden.
Total Attendance: 14595 (72.98%)
Total Ticket Income: $1,035,957
Other Income: $362,585
Total Income: $1,398,542
Tampa Bay Lightning
5 vs 5 Forward
Center Left Wing Right Wing Time % Phy DF OF
1 Anze Kopitar Kirill Kaprizov Gustav Nyquist 34 0 2 3
2 Roope Hintz Travis Konecny Filip Forsberg 33 0 3 2
3 Jamie Benn Trevor Moore Jonathan Huberdeau 28 0 2 3
4 Jason Dickinson Dylan Cozens Jordan Martinook 5 0 2 3
5 vs 5 Defense
Defense Defense Time % Phy DF OF
1 Moritz Seider Brent Burns 36 1 3 1
2 Michael Matheson Hampus Lindholm 34 1 3 1
3 Darnell Nurse Tyler Myers 30 1 3 1
4 Moritz Seider Michael Matheson 0 1 2 2
PowerPlay Forward
Center Left Wing Right Wing Time % Phy DF OF
1 Anze Kopitar Kirill Kaprizov Filip Forsberg 50 1 2 2
2 Roope Hintz Jamie Benn Travis Konecny 50 1 2 2
PowerPlay Defense
Defense Defense Time % Phy DF OF
1 Michael Matheson Moritz Seider 50 1 2 2
2 Brent Burns Darnell Nurse 50 1 2 2
Penalty Kill 4 Players Forward
Center Wing Time % Phy DF OF
1 Jason Dickinson Trevor Moore 50 1 2 2
2 Anze Kopitar Dylan Cozens 50 1 2 2
Penalty Kill 4 Players Defense
Defense Defense Time % Phy DF OF
1 Moritz Seider Tyler Myers 50 1 2 2
2 Michael Matheson Darnell Nurse 50 1 2 2
Penalty Kill - 3 Players Forward
Forward Time % Phy DF OF
1 Anze Kopitar 50 1 2 2
2 Jason Dickinson 50 1 2 2
Penalty Kill - 3 Players Defense
Defense Defense Time % Phy DF OF
1 Michael Matheson Darnell Nurse 50 1 2 2
2 Moritz Seider Tyler Myers 50 1 2 2
4 vs 4 Forward
Center Wing Time % Phy DF OF
1 Jamie Benn Travis Konecny 50 1 2 2
2 Anze Kopitar Roope Hintz 50 1 2 2
4 vs 4 Defense
Defense Defense Time % Phy DF OF
1 Michael Matheson Moritz Seider 50 1 2 2
2 Brent Burns Tyler Myers 50 1 2 2
Last Minutes Offensive
Center Left Wing Right Wing Defense Defense
Anze Kopitar Kirill Kaprizov Filip Forsberg Michael Matheson Moritz Seider
Last Minutes Defensive
Center Left Wing Right Wing Defense Defense
Anze Kopitar Jason Dickinson Travis Konecny Moritz Seider Hampus Lindholm
Goaltenders
Starting : Darcy Kuemper
Backup : Jeremy Swayman
Extra Forwards
Normal : Travis Konecny, Filip Forsberg, Jamie Benn - PP : Jonathan Huberdeau, Trevor Moore - PK : Travis Konecny
Extra Defensemen
Normal : Darnell Nurse, Michael Matheson, Moritz Seider - PP : Moritz Seider - PK : Brent Burns, Darnell Nurse
Penalty Shots
Trevor Moore, Filip Forsberg, Kirill Kaprizov, Gustav Nyquist, Jonathan Huberdeau
Scratches
None
New York Rangers
5 vs 5 Forward
Center Left Wing Right Wing Time % Phy DF OF
1 Nathan MacKinnon Artemi Panarin Mathew Barzal 30 1 2 2
2 Dylan Strome Cole Caufield Nikolaj Ehlers 30 1 2 2
3 Mikael Granlund Teuvo Teravainen Joe Pavelski 25 1 2 2
4 David Kampf Conor Garland Marcus Foligno 15 1 2 2
5 vs 5 Defense
Defense Defense Time % Phy DF OF
1 Cam Fowler Adam Larsson 40 1 2 2
2 Jake McCabe Jake Walman 35 1 2 2
3 Brendan Smith Matthew Benning 25 1 2 2
4 Cam Fowler Jake McCabe 0 1 2 2
PowerPlay Forward
Center Left Wing Right Wing Time % Phy DF OF
1 Nathan MacKinnon Artemi Panarin Cole Caufield 60 1 1 3
2 Dylan Strome Joe Pavelski Nikolaj Ehlers 40 1 1 3
PowerPlay Defense
Defense Defense Time % Phy DF OF
1 Jake Walman Mathew Barzal 60 1 1 3
2 Mikael Granlund Cam Fowler 40 1 1 3
Penalty Kill 4 Players Forward
Center Wing Time % Phy DF OF
1 David Kampf Marcus Foligno 50 1 2 2
2 Mikael Granlund Teuvo Teravainen 50 1 2 2
Penalty Kill 4 Players Defense
Defense Defense Time % Phy DF OF
1 Jake Walman Brendan Smith 50 1 2 2
2 Adam Larsson Cam Fowler 50 1 2 2
Penalty Kill - 3 Players Forward
Forward Time % Phy DF OF
1 David Kampf 50 1 2 2
2 Mikael Granlund 50 1 2 2
Penalty Kill - 3 Players Defense
Defense Defense Time % Phy DF OF
1 Jake Walman Brendan Smith 50 1 2 2
2 Adam Larsson Cam Fowler 50 1 2 2
4 vs 4 Forward
Center Wing Time % Phy DF OF
1 Nathan MacKinnon Artemi Panarin 50 1 2 2
2 Dylan Strome Cole Caufield 50 1 2 2
4 vs 4 Defense
Defense Defense Time % Phy DF OF
1 Jake Walman Jake McCabe 50 1 2 2
2 Adam Larsson Cam Fowler 50 1 2 2
Last Minutes Offensive
Center Left Wing Right Wing Defense Defense
Nathan MacKinnon Artemi Panarin Mathew Barzal Cam Fowler Jake Walman
Last Minutes Defensive
Center Left Wing Right Wing Defense Defense
David Kampf Mikael Granlund Marcus Foligno Jake Walman Brendan Smith
Goaltenders
Starting : Kevin Lankinen
Backup : Igor Shesterkin
Extra Forwards
Normal : Dylan Strome, Joe Pavelski, Nikolaj Ehlers - PP : Dylan Strome, Conor Garland - PK : Nikolaj Ehlers
Extra Defensemen
Normal : Brendan Smith, Jake Walman, Adam Larsson - PP : Brendan Smith - PK : Jake Walman, Adam Larsson
Penalty Shots
Artemi Panarin, Dylan Strome, Cole Caufield, Conor Garland, Nathan MacKinnon
Scratches
Casey DeSmith (Healthy)
% Time on Ice - Tampa Bay Lightning
Lines # - Real PCT - Wanted PCT - Time Play
Normal Forward
1 - 29% - 34% - 14:31
2 - 32% - 33% - 16:05
3 - 22% - 28% - 10:58
4 - 18% - 5% - 9:20
Normal Defense
1 - 37% - 36% - 18:35
2 - 34% - 34% - 17:06
3 - 28% - 30% - 14:28
4 - 1% - 0% - 0:45
PP Forward
1 - 54% - 50% - 1:13
2 - 46% - 50% - 1:02
PP Defense
1 - 47% - 50% - 1:04
2 - 53% - 50% - 1:11
PK Forward
1 - 53% - 50% - 3:04
2 - 47% - 50% - 2:42
PK Defense
1 - 59% - 50% - 3:23
2 - 41% - 50% - 2:23
PK3 Forward
1 - 34% - 50% - 0:22
2 - 66% - 50% - 0:43
PK3 Defense
1 - 31% - 50% - 0:20
2 - 69% - 50% - 0:45
44 Forward
1 - 55% - 50% - 2:45
2 - 45% - 50% - 2:15
44 Defense
1 - 46% - 50% - 2:19
2 - 54% - 50% - 2:41
Last Minute Offensive - 0:00
Last Minute Defensive - 0:00
Total
Forward - 65:00
Defense - 65:00
|
% Time on Ice - New York Rangers
Lines # - Real PCT - Wanted PCT - Time Play
Normal Forward
1 - 28% - 30% - 14:16
2 - 31% - 30% - 15:32
3 - 21% - 25% - 10:47
4 - 20% - 15% - 10:19
Normal Defense
1 - 39% - 40% - 20:04
2 - 36% - 35% - 18:06
3 - 25% - 25% - 12:37
4 - 0% - 0% - 0:07
PP Forward
1 - 54% - 60% - 3:41
2 - 46% - 40% - 3:10
PP Defense
1 - 57% - 60% - 3:55
2 - 43% - 40% - 2:56
PK Forward
1 - 47% - 50% - 1:03
2 - 53% - 50% - 1:12
PK Defense
1 - 80% - 50% - 1:48
2 - 20% - 50% - 0:27
PK3 Forward
1 - 0% - 50%
2 - 0% - 50%
PK3 Defense
1 - 0% - 50%
2 - 0% - 50%
44 Forward
1 - 55% - 50% - 2:45
2 - 45% - 50% - 2:15
44 Defense
1 - 60% - 50% - 3:00
2 - 40% - 50% - 2:00
Last Minute Offensive - 0:00
Last Minute Defensive - 0:00
Total
Forward - 65:00
Defense - 65:00
|
Play-by-Play
1st period
0:01 of 1st period - Nathan MacKinnon wins face-off versus Anze Kopitar in neutral zone.
1:06 of 1st period - Snap shot by Filip Forsberg.
1:06 of 1st period - Shot Misses the Net.
1:14 of 1st period - Minor Penalty to Jake McCabe for Interference.
1:15 of 1st period - David Kampf wins face-off versus Roope Hintz in New York Rangers zone.
1:30 of 1st period - Backhand shot by Travis Konecny.
1:30 of 1st period - Goal by Travis Konecny - Tampa Bay Lightning : 1 - New York Rangers : 0.
1:31 of 1st period - Jamie Benn wins face-off versus David Kampf in neutral zone.
1:38 of 1st period - Matthew Benning is hit by Darnell Nurse and loses puck.
1:44 of 1st period - Brendan Smith is hit by Darnell Nurse and loses puck.
2:04 of 1st period - Snap shot by Filip Forsberg.
2:04 of 1st period - Stopped by Kevin Lankinen with a rebound.
2:06 of 1st period - Slapshot by Tyler Myers.
2:06 of 1st period - Stopped by Kevin Lankinen without a rebound.
2:07 of 1st period - Roope Hintz wins face-off versus Dylan Strome in New York Rangers zone.
2:22 of 1st period - Wrist shot by Filip Forsberg.
2:22 of 1st period - Goal by Filip Forsberg - Tampa Bay Lightning : 2 - New York Rangers : 0.
2:23 of 1st period - Mikael Granlund wins face-off versus Jamie Benn in neutral zone.
2:36 of 1st period - Slapshot by Joe Pavelski.
2:36 of 1st period - Stopped by Darcy Kuemper without a rebound.
2:37 of 1st period - Nathan MacKinnon wins face-off versus Jason Dickinson in Tampa Bay Lightning zone.
3:15 of 1st period - Slapshot by Cole Caufield.
3:15 of 1st period - Stopped by Darcy Kuemper with a rebound.
3:27 of 1st period - Snap shot by Kirill Kaprizov.
3:27 of 1st period - Stopped by Kevin Lankinen with a rebound.
4:13 of 1st period - Marcus Foligno is hit by Trevor Moore and loses puck.
4:58 of 1st period - Wrist shot by Conor Garland.
4:58 of 1st period - Shot Blocked by Hampus Lindholm.
5:00 of 1st period - Slapshot by Brendan Smith.
5:00 of 1st period - Stopped by Darcy Kuemper without a rebound.
5:01 of 1st period - Roope Hintz wins face-off versus Nathan MacKinnon in Tampa Bay Lightning zone.
5:06 of 1st period - Wrist shot by Filip Forsberg.
5:06 of 1st period - Shot Misses the Net.
5:08 of 1st period - Slapshot by Moritz Seider.
5:08 of 1st period - Stopped by Kevin Lankinen with a rebound.
5:10 of 1st period - Slapshot by Moritz Seider.
5:10 of 1st period - Deflect By Cam Fowler.
5:10 of 1st period - Stopped by Kevin Lankinen with a rebound.
5:12 of 1st period - Slapshot by Brent Burns.
5:12 of 1st period - Shot Blocked by Cam Fowler.
5:14 of 1st period - Slapshot by Brent Burns.
5:14 of 1st period - Stopped by Kevin Lankinen with a rebound.
5:16 of 1st period - Wrist shot by Brent Burns.
5:16 of 1st period - Shot Misses the Net.
5:18 of 1st period - Backhand shot by Roope Hintz.
5:18 of 1st period - Stopped by Kevin Lankinen without a rebound.
5:19 of 1st period - Dylan Strome wins face-off versus Anze Kopitar in New York Rangers zone.
5:28 of 1st period - Snap shot by Cole Caufield.
5:28 of 1st period - Shot Blocked by Anze Kopitar.
5:59 of 1st period - Jake McCabe is hit by Moritz Seider and loses puck.
6:37 of 1st period - Snap shot by Nikolaj Ehlers.
6:37 of 1st period - Stopped by Darcy Kuemper with a rebound.
6:39 of 1st period - Slapshot by Cam Fowler.
6:39 of 1st period - Shot Misses the Net.
6:51 of 1st period - Brent Burns is hit by Mathew Barzal and loses puck.
7:18 of 1st period - Roope Hintz is hit by Conor Garland and loses puck.
7:33 of 1st period - Moritz Seider is hit by Jake McCabe and loses puck.
8:05 of 1st period - Slapshot by Dylan Cozens.
8:05 of 1st period - Deflect By Jason Dickinson.
8:05 of 1st period - Stopped by Kevin Lankinen with a rebound.
8:07 of 1st period - Wrist shot by Dylan Cozens.
8:07 of 1st period - Shot Blocked by Cam Fowler.
8:09 of 1st period - Snap shot by Jason Dickinson.
8:09 of 1st period - Stopped by Kevin Lankinen without a rebound.
8:10 of 1st period - Jason Dickinson wins face-off versus Dylan Strome in New York Rangers zone.
8:11 of 1st period - Wrist shot by Dylan Cozens.
8:11 of 1st period - Stopped by Kevin Lankinen without a rebound.
8:12 of 1st period - Dylan Strome wins face-off versus Jason Dickinson in New York Rangers zone.
8:33 of 1st period - Slapshot by Dylan Cozens.
8:33 of 1st period - Shot Blocked by Cam Fowler.
8:35 of 1st period - Slapshot by Tyler Myers.
8:35 of 1st period - Shot Misses the Net.
8:55 of 1st period - Wrist shot by Nikolaj Ehlers.
8:55 of 1st period - Goal by Nikolaj Ehlers - Tampa Bay Lightning : 2 - New York Rangers : 1.
8:56 of 1st period - Travis Konecny wins face-off versus Mikael Granlund in neutral zone.
9:23 of 1st period - Anze Kopitar is hit by Nathan MacKinnon and loses puck.
9:50 of 1st period - Darnell Nurse is hit by Cole Caufield.
10:27 of 1st period - Snap shot by Gustav Nyquist.
10:27 of 1st period - Deflect By Kirill Kaprizov.
10:27 of 1st period - Stopped by Kevin Lankinen with a rebound.
10:29 of 1st period - Snap shot by Anze Kopitar.
10:29 of 1st period - Shot Blocked by Jake Walman.
10:31 of 1st period - Snap shot by Brent Burns.
10:31 of 1st period - Shot Blocked by Jake Walman.
10:33 of 1st period - Slapshot by Moritz Seider.
10:33 of 1st period - Shot Blocked by Jake McCabe.
10:35 of 1st period - Wrist shot by Moritz Seider.
10:35 of 1st period - Shot Misses the Net.
11:09 of 1st period - Moritz Seider is hit by Cam Fowler and loses puck.
11:30 of 1st period - Brent Burns is hit by Adam Larsson and loses puck.
11:51 of 1st period - Slapshot by Nikolaj Ehlers.
11:51 of 1st period - Shot Misses the Net.
11:57 of 1st period - Teuvo Teravainen is hit by Filip Forsberg and loses puck.
12:24 of 1st period - Mathew Barzal is hit by Kirill Kaprizov and loses puck.
13:04 of 1st period - Jordan Martinook is hit by Jake McCabe and loses puck.
13:27 of 1st period - Filip Forsberg is hit by Joe Pavelski and loses puck.
13:36 of 1st period - Joe Pavelski is hit by Travis Konecny and loses puck.
13:51 of 1st period - Snap shot by Joe Pavelski.
13:51 of 1st period - Stopped by Darcy Kuemper without a rebound.
13:52 of 1st period - Anze Kopitar wins face-off versus Nathan MacKinnon in Tampa Bay Lightning zone.
14:48 of 1st period - Slapshot by Conor Garland.
14:48 of 1st period - Shot Misses the Net.
14:50 of 1st period - Snap shot by Marcus Foligno.
14:50 of 1st period - Stopped by Darcy Kuemper with a rebound.
15:00 of 1st period - Jason Dickinson is hit by Artemi Panarin and loses puck.
15:13 of 1st period - Mathew Barzal is hit by Brent Burns.
15:29 of 1st period - Gustav Nyquist is hit by Cam Fowler and loses puck.
15:52 of 1st period - Off-side.
15:53 of 1st period - Nathan MacKinnon wins face-off versus Roope Hintz in neutral zone.
16:09 of 1st period - Snap shot by Travis Konecny.
16:09 of 1st period - Stopped by Kevin Lankinen without a rebound.
16:10 of 1st period - Anze Kopitar wins face-off versus Cole Caufield in New York Rangers zone.
16:17 of 1st period - Wrist shot by Kirill Kaprizov.
16:17 of 1st period - Stopped by Kevin Lankinen without a rebound.
16:18 of 1st period - Anze Kopitar wins face-off versus Dylan Strome in New York Rangers zone.
16:27 of 1st period - Wrist shot by Kirill Kaprizov.
16:27 of 1st period - Stopped by Kevin Lankinen without a rebound.
16:28 of 1st period - Nathan MacKinnon wins face-off versus Jamie Benn in New York Rangers zone.
16:30 of 1st period - Icing by Mathew Barzal.
16:31 of 1st period - Nathan MacKinnon wins face-off versus Jamie Benn in New York Rangers zone.
17:26 of 1st period - Snap shot by Mikael Granlund.
17:26 of 1st period - Shot Misses the Net.
17:28 of 1st period - Snap shot by Mikael Granlund.
17:28 of 1st period - Stopped by Darcy Kuemper with a rebound.
17:58 of 1st period - Slapshot by Kirill Kaprizov.
17:58 of 1st period - Stopped by Kevin Lankinen with a rebound.
18:22 of 1st period - Slapshot by Kirill Kaprizov.
18:22 of 1st period - Deflect By Anze Kopitar.
18:22 of 1st period - Shot Blocked by Matthew Benning.
18:22 of 1st period - Puck is out of play.
18:23 of 1st period - Dylan Strome wins face-off versus Roope Hintz in New York Rangers zone.
18:42 of 1st period - Dylan Strome is hit by Travis Konecny and loses puck.
18:57 of 1st period - Snap shot by Joe Pavelski.
18:57 of 1st period - Shot Misses the Net.
18:59 of 1st period - Slapshot by Jake Walman.
18:59 of 1st period - Shot Misses the Net.
19:36 of 1st period - Slapshot by Nathan MacKinnon.
19:36 of 1st period - Stopped by Darcy Kuemper with a rebound.
19:54 of 1st period - Slapshot by Cole Caufield.
19:54 of 1st period - Stopped by Darcy Kuemper without a rebound.
19:55 of 1st period - Anze Kopitar wins face-off versus Dylan Strome in Tampa Bay Lightning zone.
19:55 of 1st period - Anze Kopitar is hit by Adam Larsson.
Goals for this period are 2 for Tampa Bay Lightning vs 1 for New York Rangers.
Shots for this period are 17 for Tampa Bay Lightning vs 10 for New York Rangers.
2nd period
0:01 of 2nd period - Nathan MacKinnon wins face-off versus Roope Hintz in neutral zone.
0:30 of 2nd period - Off-side.
0:31 of 2nd period - Anze Kopitar wins face-off versus Mikael Granlund in neutral zone.
0:42 of 2nd period - Wrist shot by Gustav Nyquist.
0:42 of 2nd period - Shot Misses the Net.
0:44 of 2nd period - Wrist shot by Kirill Kaprizov.
0:44 of 2nd period - Stopped by Kevin Lankinen without a rebound.
0:45 of 2nd period - Dylan Strome wins face-off versus Roope Hintz in New York Rangers zone.
1:22 of 2nd period - Snap shot by Nathan MacKinnon.
1:22 of 2nd period - Stopped by Darcy Kuemper with a rebound.
1:58 of 2nd period - Snap shot by Conor Garland.
1:58 of 2nd period - Goal by Conor Garland - Tampa Bay Lightning : 2 - New York Rangers : 2.
1:59 of 2nd period - Roope Hintz wins face-off versus Dylan Strome in neutral zone.
2:03 of 2nd period - Icing by Cam Fowler.
2:04 of 2nd period - Dylan Strome wins face-off versus Roope Hintz in New York Rangers zone.
2:45 of 2nd period - Adam Larsson is hit by Travis Konecny and loses puck.
3:53 of 2nd period - Backhand shot by Dylan Strome.
3:53 of 2nd period - Shot Blocked by Roope Hintz.
3:55 of 2nd period - Slapshot by Dylan Strome.
3:55 of 2nd period - Stopped by Darcy Kuemper without a rebound.
3:56 of 2nd period - Anze Kopitar wins face-off versus Nathan MacKinnon in Tampa Bay Lightning zone.
4:13 of 2nd period - Snap shot by Gustav Nyquist.
4:13 of 2nd period - Shot Misses the Net.
4:29 of 2nd period - Wrist shot by Mikael Granlund.
4:29 of 2nd period - Stopped by Darcy Kuemper without a rebound.
4:30 of 2nd period - Jamie Benn wins face-off versus Mikael Granlund in Tampa Bay Lightning zone.
4:42 of 2nd period - Michael Matheson is hit by Joe Pavelski and loses puck.
4:51 of 2nd period - Jake Walman is hit by Michael Matheson and loses puck.
5:27 of 2nd period - Minor Penalty to Jake Walman for Interference.
5:28 of 2nd period - Kirill Kaprizov wins face-off versus David Kampf in New York Rangers zone.
7:27 of 2nd period - Penalty to Jake Walman is over, Jake Walman is back on ice.
8:33 of 2nd period - Backhand shot by Jamie Benn.
8:33 of 2nd period - Stopped by Kevin Lankinen with a rebound.
11:11 of 2nd period - Dylan Cozens is hit by Marcus Foligno and loses puck.
12:34 of 2nd period - David Kampf is hit by Dylan Cozens and loses puck.
13:35 of 2nd period - Snap shot by David Kampf.
13:35 of 2nd period - Stopped by Darcy Kuemper without a rebound.
13:36 of 2nd period - Nathan MacKinnon wins face-off versus Anze Kopitar in Tampa Bay Lightning zone.
13:47 of 2nd period - Wrist shot by Anze Kopitar.
13:47 of 2nd period - Shot Blocked by Adam Larsson.
13:49 of 2nd period - Wrist shot by Anze Kopitar.
13:49 of 2nd period - Stopped by Kevin Lankinen with a rebound.
13:51 of 2nd period - Snap shot by Anze Kopitar.
13:51 of 2nd period - Stopped by Kevin Lankinen without a rebound.
13:52 of 2nd period - Mikael Granlund wins face-off versus Jamie Benn in New York Rangers zone.
14:23 of 2nd period - Cam Fowler is hit by Kirill Kaprizov.
15:22 of 2nd period - Darnell Nurse is hit by Jake McCabe.
15:42 of 2nd period - Snap shot by Nathan MacKinnon.
15:42 of 2nd period - Stopped by Darcy Kuemper without a rebound.
15:43 of 2nd period - Roope Hintz wins face-off versus Mikael Granlund in Tampa Bay Lightning zone.
15:56 of 2nd period - Slapshot by Mikael Granlund.
15:56 of 2nd period - Shot Blocked by Hampus Lindholm.
15:58 of 2nd period - Snap shot by Teuvo Teravainen.
15:58 of 2nd period - Shot Misses the Net.
16:07 of 2nd period - Minor Penalty to Filip Forsberg for High sticking.
16:08 of 2nd period - Nathan MacKinnon wins face-off versus Trevor Moore in Tampa Bay Lightning zone.
16:11 of 2nd period - Wrist shot by Nathan MacKinnon.
16:11 of 2nd period - Stopped by Darcy Kuemper with a rebound.
16:23 of 2nd period - Snap shot by Artemi Panarin.
16:23 of 2nd period - Shot Misses the Net.
18:07 of 2nd period - Penalty to Filip Forsberg is over, Filip Forsberg is back on ice.
18:16 of 2nd period - Travis Konecny is hit by Cam Fowler and loses puck.
18:21 of 2nd period - Snap shot by Conor Garland.
18:21 of 2nd period - Stopped by Darcy Kuemper with a rebound.
18:23 of 2nd period - Wrist shot by Conor Garland.
18:23 of 2nd period - Stopped by Darcy Kuemper with a rebound.
18:25 of 2nd period - Snap shot by David Kampf.
18:25 of 2nd period - Stopped by Darcy Kuemper with a rebound.
18:35 of 2nd period - Conor Garland is hit by Trevor Moore and loses puck.
19:02 of 2nd period - Mikael Granlund is hit by Brent Burns and loses puck.
19:15 of 2nd period - Dylan Strome is hit by Dylan Cozens and loses puck.
Goals for this period are 0 for Tampa Bay Lightning vs 1 for New York Rangers.
Shots for this period are 4 for Tampa Bay Lightning vs 10 for New York Rangers.
3rd period
0:01 of 3rd period - Anze Kopitar wins face-off versus Dylan Strome in neutral zone.
0:57 of 3rd period - Wrist shot by Roope Hintz.
0:57 of 3rd period - Stopped by Kevin Lankinen with a rebound.
1:57 of 3rd period - Snap shot by Travis Konecny.
1:57 of 3rd period - Shot Misses the Net.
1:59 of 3rd period - Snap shot by Michael Matheson.
1:59 of 3rd period - Stopped by Kevin Lankinen without a rebound.
2:00 of 3rd period - Nathan MacKinnon wins face-off versus Roope Hintz in New York Rangers zone.
2:49 of 3rd period - Nikolaj Ehlers is hit by Jamie Benn and loses puck.
2:58 of 3rd period - Wrist shot by Jamie Benn.
2:58 of 3rd period - Shot Misses the Net.
4:00 of 3rd period - Wrist shot by Anze Kopitar.
4:00 of 3rd period - Deflect By Kirill Kaprizov.
4:00 of 3rd period - Stopped by Kevin Lankinen with a rebound.
4:12 of 3rd period - Wrist shot by Jonathan Huberdeau.
4:12 of 3rd period - Stopped by Kevin Lankinen with a rebound.
4:18 of 3rd period - Jamie Benn is hit by Nikolaj Ehlers and loses puck.
4:59 of 3rd period - Snap shot by Travis Konecny.
4:59 of 3rd period - Shot Misses the Net.
5:35 of 3rd period - Jonathan Huberdeau is hit by Jake Walman and loses puck.
5:42 of 3rd period - Snap shot by Cole Caufield.
5:42 of 3rd period - Stopped by Darcy Kuemper without a rebound.
5:43 of 3rd period - Roope Hintz wins face-off versus Nathan MacKinnon in Tampa Bay Lightning zone.
6:17 of 3rd period - Snap shot by Anze Kopitar.
6:17 of 3rd period - Stopped by Kevin Lankinen with a rebound.
6:19 of 3rd period - Slapshot by Darnell Nurse.
6:19 of 3rd period - Stopped by Kevin Lankinen with a rebound.
6:57 of 3rd period - Slapshot by Filip Forsberg.
6:57 of 3rd period - Stopped by Kevin Lankinen with a rebound.
6:59 of 3rd period - Wrist shot by Filip Forsberg.
6:59 of 3rd period - Shot Misses the Net.
7:48 of 3rd period - Slapshot by Cole Caufield.
7:48 of 3rd period - Stopped by Darcy Kuemper without a rebound.
7:49 of 3rd period - Travis Konecny wins face-off versus Joe Pavelski in Tampa Bay Lightning zone.
7:51 of 3rd period - Minor Penalty to Travis Konecny for Roughing.
7:52 of 3rd period - Nathan MacKinnon wins face-off versus Jason Dickinson in Tampa Bay Lightning zone.
8:02 of 3rd period - Snap shot by Artemi Panarin.
8:02 of 3rd period - Stopped by Darcy Kuemper with a rebound.
8:45 of 3rd period - Minor Penalty to Jason Dickinson for Slashing.
8:46 of 3rd period - Cole Caufield wins face-off versus Anze Kopitar in Tampa Bay Lightning zone.
9:51 of 3rd period - Penalty to Travis Konecny is over, Travis Konecny is back on ice.
10:41 of 3rd period - Artemi Panarin is hit by Tyler Myers.
10:42 of 3rd period - Icing by Artemi Panarin.
10:43 of 3rd period - Nathan MacKinnon wins face-off versus Dylan Cozens in New York Rangers zone.
10:45 of 3rd period - Penalty to Jason Dickinson is over, Jason Dickinson is back on ice.
10:54 of 3rd period - Snap shot by Kirill Kaprizov.
10:54 of 3rd period - Shot Blocked by Conor Garland.
11:00 of 3rd period - Michael Matheson is hit by Mathew Barzal and loses puck.
11:15 of 3rd period - Matthew Benning is hit by Trevor Moore and loses puck.
12:01 of 3rd period - Snap shot by Jordan Martinook.
12:01 of 3rd period - Shot Misses the Net.
12:13 of 3rd period - Snap shot by Mathew Barzal.
12:13 of 3rd period - Shot Misses the Net.
12:15 of 3rd period - Snap shot by Adam Larsson.
12:15 of 3rd period - Shot Blocked by Darnell Nurse.
13:14 of 3rd period - Slapshot by Nathan MacKinnon.
13:14 of 3rd period - Stopped by Darcy Kuemper with a rebound.
13:48 of 3rd period - Snap shot by Conor Garland.
13:48 of 3rd period - Shot Misses the Net.
13:59 of 3rd period - Jamie Benn is hit by Matthew Benning and loses puck.
14:10 of 3rd period - Minor Penalty to Moritz Seider for Hooking.
14:11 of 3rd period - Anze Kopitar wins face-off versus Nathan MacKinnon in Tampa Bay Lightning zone.
14:15 of 3rd period - Slapshot by Michael Matheson.
14:15 of 3rd period - Shot Misses the Net.
14:44 of 3rd period - Snap shot by Nikolaj Ehlers.
14:44 of 3rd period - Shot Misses the Net.
16:10 of 3rd period - Penalty to Moritz Seider is over, Moritz Seider is back on ice.
16:46 of 3rd period - Mikael Granlund is hit by Filip Forsberg.
17:21 of 3rd period - Marcus Foligno is hit by Tyler Myers and loses puck.
17:54 of 3rd period - Hampus Lindholm is hit by Dylan Strome and loses puck.
19:15 of 3rd period - Brent Burns is hit by Nathan MacKinnon and loses puck.
19:54 of 3rd period - Hampus Lindholm is hit by Conor Garland and loses puck.
Goals for this period are 0 for Tampa Bay Lightning vs 0 for New York Rangers.
Shots for this period are 7 for Tampa Bay Lightning vs 4 for New York Rangers.
Overtime #1
0:01 of 1st overtime period - Jamie Benn wins face-off versus Nathan MacKinnon in neutral zone.
0:09 of 1st overtime period - Travis Konecny is hit by Nathan MacKinnon and loses puck.
0:35 of 1st overtime period - Wrist shot by Dylan Strome.
0:35 of 1st overtime period - Stopped by Darcy Kuemper with a rebound.
0:37 of 1st overtime period - Slapshot by Adam Larsson.
0:37 of 1st overtime period - Shot Blocked by Michael Matheson.
2:44 of 1st overtime period - Jamie Benn is hit by Cole Caufield.
3:22 of 1st overtime period - Snap shot by Dylan Cozens.
3:22 of 1st overtime period - Shot Blocked by Joe Pavelski.
4:34 of 1st overtime period - Hampus Lindholm is hit by Nikolaj Ehlers and loses puck.
Goals for this period are 0 for Tampa Bay Lightning vs 0 for New York Rangers.
Shots for this period are 0 for Tampa Bay Lightning vs 1 for New York Rangers.
ShootOut
5:00 of 1st overtime period - Round #1.
5:00 of 1st overtime period - Tampa Bay Lightning, Trevor Moore.
5:00 of 1st overtime period - Backhand shot by Trevor Moore.
5:00 of 1st overtime period - Shot Misses the Net.
5:00 of 1st overtime period - New York Rangers, Artemi Panarin.
5:00 of 1st overtime period - Backhand shot by Artemi Panarin.
5:00 of 1st overtime period - Stopped by Darcy Kuemper.
5:00 of 1st overtime period - Round #2.
5:00 of 1st overtime period - Tampa Bay Lightning, Filip Forsberg.
5:00 of 1st overtime period - Snap shot by Filip Forsberg.
5:00 of 1st overtime period - Stopped by Kevin Lankinen.
5:00 of 1st overtime period - New York Rangers, Dylan Strome.
5:00 of 1st overtime period - Snap shot by Dylan Strome.
5:00 of 1st overtime period - Stopped by Darcy Kuemper.
5:00 of 1st overtime period - Round #3.
5:00 of 1st overtime period - Tampa Bay Lightning, Kirill Kaprizov.
5:00 of 1st overtime period - Wrist shot by Kirill Kaprizov.
5:00 of 1st overtime period - Stopped by Kevin Lankinen.
5:00 of 1st overtime period - New York Rangers, Cole Caufield.
5:00 of 1st overtime period - Deke by Cole Caufield.
5:00 of 1st overtime period - Goal by Cole Caufield.
Back to the Top